 Dungeon Crawl Stone Soup version 0.31-b1-18-g61460d1e46 (webtiles) character file.

Game seed: 3042168082641459483

2340 groovy9 the Destroyer (level 9, -3/45 HPs)
             Began as a Deep Elf Conjurer on Jan 17, 2024.
             Was an Initiate of Vehumet.
             Shot with an arrow by an orc warrior (16 damage)
             ... on level 7 of the Dungeon.
             The game lasted 00:21:11 (7205 turns).

groovy9 the Destroyer (Deep Elf Conjurer)           Turns: 7205, Time: 00:21:11

Health: -3/45      AC:  5    Str:  4    XL:     9   Next: 19%
Magic:  10/24      EV: 12    Int: 28    God:    Vehumet [......]
Gold:   382        SH:  0    Dex: 13    Spells: 11/27 levels left

rFire   + . .        l - +2 mace (heavy)
rCold   . . .        s - orb {*channel}
rNeg    . . .        a - +0 robe
rPois   .            (no helmet)
rElec   .            (no cloak)
rCorr   .            d - +0 pair of gloves
SInv    .            n - +1 pair of boots
Will    +....        (no amulet)
Stlth   ++           o - ring of protection from fire
HPRegen 0.27/turn    r - ring of willpower
MPRegen 0.19/turn

%: channel magic (20%)
@: no status effects
A: no striking features
a: Renounce Religion


You were on level 7 of the Dungeon.
You worshipped Vehumet.
Vehumet was noncommittal.
You visited 2 branches of the dungeon, and saw 8 of its levels.
You also visited: Sewer.

You collected 412 gold pieces.
You spent 30 gold pieces at shops.

Inventory:

Hand Weapons
 l - a +2 heavy mace (weapon)
Armour
 a - a +0 robe (worn)
 d - a +0 pair of gloves (worn)
 n - a +1 pair of boots (worn)
 s - an orb of energy (worn)
Jewellery
 o - a ring of protection from fire (left hand)
 r - a ring of willpower (right hand)
Wands
 e - a wand of paralysis (20)
 p - a wand of flame (24)
 t - a wand of iceblast (14)
Scrolls
 f - 2 scrolls of poison
 h - 2 scrolls of vulnerability
 x - a scroll of fog
Potions
 b - a potion of magic
 c - a potion of brilliance
 g - 2 potions of haste
 i - 2 potions of mutation
 j - a potion of ambrosia
 k - 2 potions of curing {unknown}
 m - a potion of heal wounds
 q - 2 potions of lignification
 u - a potion of berserk rage {unknown}
 v - a potion of cancellation {unknown}
 w - 3 potions of might


   Skills:
 - Level 2.4 Dodging
 - Level 2.4 Stealth
 + Level 9.8 Spellcasting
 * Level 11.8 Conjurations


You had 11 spell levels left.
You knew the following spells:

 Your Spells              Type           Power      Damage    Failure   Level
a - Magic Dart            Conj           100%       1d8       1%          1
b - Searing Ray           Conj           100%       2d8       1%          2
c - Fulminant Prism       Conj/Alch      23%        3d12      12%         4
d - Iskenderun's Mystic   Conj/Tloc      46%        2d10      12%         4
e - Iskenderun's Battles  Conj           68%        2d12      4%          5

Your spell library contained the following spells:

 Spells                   Type           Power      Damage    Failure   Level
 Sublimation of Blood     Necr           13%        N/A       17%         2


Dungeon Overview and Level Annotations

Branches:
Dungeon (7/15)             Temple (1/1) D:4           Sewer (visited)

Altars:
Ashenzari
Cheibriados
Dithmenos
Elyvilon
Gozag
Nemelex Xobeh
Okawaru
Qazlal
Ru
Sif Muna
Trog
Uskayaw
Vehumet
Xom
Yredelemnul
Zin
The Shining One

Shops:
D:4 (   D:6 **(


Message History

The magic dart hits the orc priest.
The orc priest is moderately wounded.
Casting: Magic Dart (safe; 1% risk of failure)
Confirm with . or Enter, or press ? or * to list all spells.
Aiming: Magic Dart (safe; 1% risk of failure)
Press: ? - help, Shift-Dir - straight line, f/p - orc warrior
Aim: an orc warrior, wielding a +0 orcbow and wearing a +0 plate armour (heavily wounded, 100% to hit)
The magic dart hits the orc priest.
The orc priest is severely wounded.
A gnoll comes into view. It is wielding a +0 spear.
An orc priest comes into view. It is wielding a +0 dagger.
Casting: Magic Dart (safe; 1% risk of failure)
Confirm with . or Enter, or press ? or * to list all spells.
You conjure a globe of magical energy.
The orc priest shouts!
You hear a shout!
The orc priest calls down the wrath of Beogh upon you.
Beogh smites you!
Casting: Iskenderun's Battlesphere (quite dangerous; 4% risk of failure)
Confirm with . or Enter, or press ? or * to list all spells.
Aiming: Searing Ray (safe; 1% risk of failure)
Press: ? - help, Shift-Dir - straight line, f - gnoll, p - orc warrior
Aim: a gnoll, wielding a +0 flail and quivering a throwing net (85% to hit)
The searing ray hits the orc priest!
You kill the orc priest!
Vehumet accepts your kill.
The searing ray hits the gnoll!
The gnoll is severely wounded. (Press . to maintain the ray.)
Your battlesphere fires!
The barrage of energy hits the gnoll.
You kill the gnoll!
Vehumet accepts your kill.
The orc warrior shoots an arrow.
The arrow hits you!
* * * LOW HITPOINT WARNING * * *
The orc priest calls upon Beogh to heal the orc warrior.
The orc warrior is healed somewhat.
A gnoll comes into view. It is wielding a +0 spear.
You hear a shout!
You hear two shouts!
You swap places.
The orc warrior shoots an arrow.
The arrow hits you!
You die...

#..............##
#.##..
####..##.##.........
#. #..
##.....#####.........
...
#........####.........
.......##..#..........
##..................#
#.......#.....#####..
##...##...##..###....
##.. ##....@*.......
#.. #..###.......#
#...# ...)...##
...###....)### .#..
...#..o. ....###oo.
.##.. #g). .. .(. ##g


You could see an orc warrior, 2 orc priests, a gnoll and a friendly
battlesphere.

Vanquished Creatures
  Pikel (D:4)
  A wyvern (D:7)
  Pargi (Sewer)
  3 ice beasts
  2 sky beasts (D:6)
  A black bear (D:6)
  An ogre (D:6)
  2 lemures (D:4)
  A kobold brigand (D:7)
  A bullfrog (D:4)
  4 wights (D:7)
  The ghost of middlethird the Ruffian, a weakling VSSh (D:4)
  A jelly (D:5)
  2 hounds
  2 orc priests
  Jessica (D:3)
  5 iguanas
  3 orc wizards
  2 gnolls
  8 adders
  2 river rats (D:5)
  2 ufetubi (D:6)
  2 ribbon worms (D:5)
  3 dart slugs
  13 orcs
  9 ball pythons
  10 endoplasms
  2 giant cockroaches
  5 hobgoblins
  4 jackals (Sewer)
  9 quokkas
  8 bats
  4 frilled lizards
  3 goblins
  17 kobolds
  6 rats
142 creatures vanquished.

Vanquished Creatures (others)
  A fulminant prism (D:4)
1 creature vanquished.

Grand Total: 143 creatures vanquished

Notes
Turn   | Place    | Note
-------+----------+-------------------------------------------
     0 | D:1      | groovy9 the Deep Elf Conjurer began the quest for the Orb.
     0 | D:1      | Reached XP level 1. HP: 10/10 MP: 6/6
   321 | D:1      | Reached XP level 2. HP: 8/15 MP: 5/8
   433 | D:1      | Found a faded altar of an unknown god.
   595 | D:2      | Learned a level 2 spell: Searing Ray
   745 | D:2      | Reached skill level 5 in Conjurations
   980 | D:2      | Reached XP level 3. HP: 19/19 MP: 5/10
  1414 | D:2      | Found a shimmering altar of Xom.
  1723 | D:2      | Reached XP level 4. HP: 24/24 MP: 7/12
  1959 | D:3      | Learned a level 4 spell: Fulminant Prism
  1964 | D:3      | Learned a level 4 spell: Iskenderun's Mystic Blast
  2099 | D:3      | Noticed Jessica
  2103 | D:3      | Killed Jessica
  2132 | D:3      | Found a shimmering blue altar of Sif Muna.
  2375 | D:3      | Reached skill level 6 in Conjurations
  2720 | D:3      | Reached XP level 5. HP: 28/28 MP: 11/14
  3042 | D:3      | You fall into a shaft and drop 2 floors!
  3042 | D:5      | Entered Level 5 of the Dungeon
  3137 | D:5      | Reached skill level 5 in Spellcasting
  3313 | D:5      | Reached skill level 7 in Conjurations
  3350 | D:5      | Reached XP level 6. HP: 32/32 MP: 11/16
  3413 | D:5      | Found a glowing drain.
  3454 | Sewer    | Entered a sewer
  3531 | Sewer    | Noticed Pargi
  3556 | Sewer    | Killed Pargi
  3778 | D:4      | Found Reulewk's Antique Weapon Emporium.
  3778 | D:4      | Noticed Pikel
  3786 | D:4      | Killed Pikel
  3787 | D:4      | Reached skill level 9 in Conjurations
  3787 | D:4      | Reached XP level 7. HP: 22/36 MP: 7/19
  3885 | D:4      | Got Opibuus's Book of Luminous Black Acts
  3892 | D:4      | Learned a level 5 spell: Iskenderun's Battlesphere
  3980 | D:4      | Found a runed translucent door.
  3987 | D:4      | Noticed middlethird's ghost (weakling VSSh)
  4012 | D:4      | Found an iron altar of Okawaru.
  4229 | D:4      | Found a staircase to the Ecumenical Temple.
  4235 | Temple   | Entered the Ecumenical Temple
  4452 | D:4      | Killed middlethird's ghost
  5046 | D:5      | Found a broken altar of Ashenzari.
  5046 | D:5      | Found a bloodstained altar of Trog.
  5048 | D:5      | Found an opulent altar of Gozag.
  5106 | D:5      | Reached XP level 8. HP: 26/41 MP: 12/21
  5805 | D:6      | Reached skill level 10 in Conjurations
  6101 | D:5      | Found a sacrificial altar of Ru.
  6101 | D:5      | Found a shadowy altar of Dithmenos.
  6164 | D:6      | Found Hujeer's Antique Weapon Shop.
  6426 | D:6      | Found a radiant altar of Vehumet.
  6439 | D:6      | Became a worshipper of Vehumet
  6703 | D:6      | Found Valynui's General Store.
  6813 | D:6      | Found Gucvazevox's General Store.
  6820 | D:6      | Bought a scroll of identify for 30 gold pieces
  6927 | D:7      | Reached skill level 11 in Conjurations
  7036 | D:7      | Reached XP level 9. HP: 45/45 MP: 19/24
  7205 | D:7      | Shot with an arrow by an orc warrior

Illustrated notes

Levels and vault maps discovered:
D:1:      lightli_arrival_chessboard, layout_basic,
          ebering_ecumenical_altar_rust, minmay_misc_feat_cross,
          minmay_gold_behind_fungi
D:2:      layout_loops_corners, basic_altar
D:3:      minmay_chambers_of_twos, layout_basic, tgw_sif, wad_orctagon
D:4:      layout_gridville, okawaru_gym_becter, minmay_temple_entry_hall,
          serial_shops, shop, ebering_ghost_sewer_d, uniq_pikel
D:5:      layout_basic, nicolae_overflow_hidden_temple, gup_sewer_entry_bubbles
D:6:      layout_loops_corners, vehumet_altar_wand_db, serial_shops,
          kennysheep_mini, shop, shop
D:7:      layout_cave_pools, mainiacjoe_overflow_catwalk_spiral
Temple:   hellmonk_temple_rainy

Skill      XL: |  1  2  3  4  5  6  7  8 |
---------------+-------------------------+-----
Conjurations   | 5 6 7 9 11 | 11.8
Spellcasting   | 4 5 7 9 |  9.8
Dodging        | |  2.4
Stealth        | |  2.4

Action                     |  1- 3 |  4- 6 |  7- 9 || total
---------------------------+-------+-------+-------++-------
  Melee: Unarmed           |     4 |       |       ||     4
   Cast: Magic Dart        |    59 |    42 |    62 ||   163
         Searing Ray       |     9 |    30 |    21 ||    60
         Iskenderun's Myst |       |     1 |       ||     1
         Fulminant Prism   |       |     1 |       ||     1
         Iskenderun's Batt |       |       |    10 ||    10
    Use: Scroll            |       |     2 |    13 ||    15
 Armour: Robe              |     4 |    17 |    23 ||    44
  Dodge: Dodged            |     1 |     5 |    17 ||    23
